[Event "44th Chess Olympiad Open 2022"]
[Site "Chennai"]
[Date "2022.08.05"]
[Round "7.47"]
[White "Al Harazy, Khalid"]
[Black "Zilleruelo Irizarry, Diego"]
[Result "1-0"]
[ECO "B13"]
[WhiteElo "2149"]
[BlackElo "2081"]
[Annotator "TA"]
[PlyCount "99"]
[EventDate "2022.07.29"]
[EventType "team-tourn"]
[EventCountry "IND"]
[SourceTitle "playchess.com"]
[Source "ChessBase"]
[SourceQuality "1"]
[WhiteTeam "Yemen"]
[BlackTeam "Puerto Rico"]
[WhiteTeamCountry "YEM"]
[BlackTeamCountry "PUR"]
[TimeControl "40/5400+30:1800+30"]

1. e4 c6 2. d4 d5 3. exd5 cxd5 4. Nf3 Nc6 5. Bd3 Bg4 6. c3 Qc7 7. O-O Nf6 {[%emt 0:00:12] B13: Caro-Kann: Exchange Variation and Panov-Botvinnik Attack.} 8. Re1 e6 9. Bg5 Be7 {[%emt 0:00:15] The position is equal.} 10. Nbd2 O-O 11. Qa4 {[%emt 0:00:40] [#]} Bxf3 $146 ({Predecessor:} 11... a6 12. a3 Bxf3 13. Nxf3 b5 14. Qc2 h6 15. Bh4 Rfc8 16. Qe2 Nd7 17. Bxe7 Nxe7 {½-½ (42) Krebs,D (2072)-Schmid,H (2170) Bad Woerishofen 2007}) 12. Nxf3 a6 13. Ne5 b5 14. Qc2 h6 15. Bh4 (15. Bf4 $5 ) 15... Rfc8 16. Qe2 Nxe5 17. dxe5 Nh7 18. Bxe7 Qxe7 19. a4 Qb7 20. axb5 (20. Ra3 {is interesting.} Nf8 21. axb5 axb5 22. Rb3) 20... axb5 21. Bxb5 {[%emt 0:00:33] Threatening Ba6.} Rxa1 22. Rxa1 Rb8 23. Ra5 Qc7 24. Ra2 Nf8 25. Bd3 Nd7 26. f4 $36 {[%emt 0:00:05][%mdl 2048] White is pushing.} Qb6+ 27. Kf1 Qb3 28. Bb1 Nc5 ({Black should play} 28... g6 $11) 29. Ra3 $14 Qxa3 {[%emt 0:16:20] [#]} 30. Bh7+ $1 $16 {[%emt 0:00:17][%mdl 576] Decoy} Kxh7 31. Qc2+ (31. bxa3 $2 {is the wrong capture.} Rb1+ 32. Kf2 Rb2 $3 33. Qxb2 Nd3+ 34. Ke3 Nxb2 $19) 31... g6 (31... Ne4 $16 {might work better.} 32. bxa3 Rc8) 32. bxa3 $18 {[%emt 0:00:09][%mdl 4096] Endgame KQ-KRN} Rb3 {[%emt 0:00:04] [#]} 33. a4 (33. g4 $1 $16) 33... Ra3 $11 34. c4 {[%emt 0:06:14][%cal Bc3c4,Bc4c5,Bc5c6,Bc6c7][%mdl 32] Threatens to win with cxd5.} Ra1+ $1 35. Ke2 Nxa4 $2 {[%emt 0:07:30][%mdl 8192] White leaves nothing to chance now.} (35... d4 $11 {and Black is okay.} 36. Qd2 d3+ 37. Kf3 Rxa4) 36. c5 $18 Ra3 37. Kd2 d4 38. c6 {[%emt 0:00:47] aiming for c7.} Nc3 39. c7 Ra8 40. Qb2 ({Not} 40. Kd3 Rc8 41. g4 (41. Kxd4 Rxc7 42. Qf2 Nd5 $16) 41... Rxc7 $16) 40... Ne4+ 41. Kd3 Nc5+ 42. Kxd4 Na6 43. Qb7 Nxc7 44. Qxc7 {[%emt 0:00:00] KQ-KR} Ra4+ 45. Ke3 Kg7 46. Qe7 {[%emt 0:00:00] g4 is the strong threat.} Ra2 47. g4 {[%emt 0:00:00][%cal Of4f5,Bg2g4,Bg4f5][%mdl 32] Black must now prevent f5!} Rxh2 48. f5 {[%emt 0:00:00] White mates.} gxf5 49. gxf5 Rh5 50. Qf6+ {[%emt 0:00:00] Weighted Error Value: White=0.21 (precise) /Black=0.55} 1-0

[Event "44th Chess Olympiad Open 2022"]
[Site "Chennai"]
[Date "2022.08.05"]
[Round "7.47"]
[White "Fellman, Mike"]
[Black "Al-Zendani, Zendan"]
[Result "1/2-1/2"]
[ECO "A53"]
[WhiteElo "2107"]
[BlackElo "2284"]
[Annotator "NA RC"]
[PlyCount "89"]
[EventDate "2022.07.29"]
[EventType "team-tourn"]
[EventCountry "IND"]
[SourceTitle "playchess.com"]
[Source "ChessBase"]
[SourceQuality "1"]
[WhiteTeam "Puerto Rico"]
[BlackTeam "Yemen"]
[WhiteTeamCountry "PUR"]
[BlackTeamCountry "YEM"]
[TimeControl "40/5400+30:1800+30"]

1. d4 d6 2. e4 Nf6 3. f3 c6 4. c4 Nbd7 5. Nc3 e5 6. d5 Be7 7. Be3 O-O 8. Qd2 a6 9. Nh3 cxd5 10. cxd5 b5 11. Nf2 Nb6 12. b3 b4 13. Ncd1 a5 14. a3 bxa3 15. Rxa3 a4 16. Nb2 Bd7 17. Be2 axb3 18. Rxb3 Ra1+ 19. Nfd1 Na4 20. O-O Qa8 21. Nc4 Rb8 22. Rxb8+ Qxb8 23. Nc3 Rxf1+ 24. Bxf1 Bd8 25. Nxa4 Bxa4 26. Qa2 Bb3 27. Qb2 Bc7 28. Nd2 Ba4 29. Qxb8+ Bxb8 30. Nc4 Nd7 31. Nb2 Bb3 32. Bc4 Bxc4 33. Nxc4 Bc7 34. Kf1 g6 35. Ke2 f5 36. Na3 fxe4 37. fxe4 Kf7 38. Nb5 Bb8 39. Kd3 Ke8 40. Kc4 Nf6 41. Nc3 Kd7 42. Kb5 Bc7 43. h3 Bd8 44. g4 Ne8 45. Kc4 1/2-1/2

[Event "44th Chess Olympiad Open 2022"]
[Site "Chennai"]
[Date "2022.08.05"]
[Round "7.47"]
[White "Pinales Roussel, Gabriel"]
[Black "Al-Subaihi, Khalil"]
[Result "1-0"]
[ECO "A21"]
[WhiteElo "1973"]
[BlackElo "2141"]
[Annotator "TA"]
[PlyCount "73"]
[EventDate "2022.07.29"]
[EventType "team-tourn"]
[EventCountry "IND"]
[SourceTitle "playchess.com"]
[Source "ChessBase"]
[SourceQuality "1"]
[WhiteTeam "Puerto Rico"]
[BlackTeam "Yemen"]
[WhiteTeamCountry "PUR"]
[BlackTeamCountry "YEM"]
[TimeControl "40/5400+30:1800+30"]

1. c4 e5 2. Nc3 f5 3. d4 e4 4. g3 Bb4 5. Nh3 Nf6 {[%emt 0:03:15] [#]} 6. a3 $146 {[%emt 0:03:36] A21: English Opening: 1...e5 2 Nc3.} (6. Bg2 $14) ({Predecessor:} 6. Qb3 c5 7. dxc5 Na6 8. Bg5 h6 9. Bxf6 Qxf6 10. Nf4 Bxc3+ 11. Qxc3 Qxc3+ 12. bxc3 Nxc5 {0-1 (38) Anurag,M (2499)-Karthikeyan,M (2606) Chess.com INT 2021}) 6... Bxc3+ $11 7. bxc3 O-O 8. Bg2 {[%emt 0:00:12] The position is equal.} b6 (8... Nc6 $15) 9. O-O Nc6 10. f3 Na5 11. Bg5 {[%emt 0:05:19] Hoping for fxe4.} Bb7 (11... Nxc4 {feels hotter.} 12. fxe4 fxe4 13. Bxe4 d5) 12. d5 (12. fxe4 $11 {keeps the balance.} fxe4 13. c5) 12... exf3 $17 (12... Nxc4 $6 13. fxe4 fxe4 14. Qd4 $15) 13. Rxf3 h6 $1 (13... Nxc4 $6 14. Rxf5 Nd6 15. Rf4 $11) 14. Bxf6 Qxf6 15. c5 Qe5 (15... bxc5 16. Qa4 $15) (15... Rae8 $17 {...Nc4 is the strong threat.} 16. cxb6 axb6) 16. Nf4 $15 {[%emt 0:02:42] And now Ng6 would win.} Kh7 {[%emt 0:00:15] Prevents Ng6.} (16... bxc5 $2 17. Qa4 $18 (17. Ng6 Qe4 $16)) 17. Qd3 Rae8 $1 {[%emt 0:06:59] Strongly threatening ...Nb3.} (17... bxc5 $2 18. Qb5 $18) 18. Raf1 g5 (18... bxc5 19. Qb5 $16) (18... Nb3 $1 $17 19. cxb6 axb6) 19. c6 $11 gxf4 $2 (19... Bc8 $14 20. cxd7 Bxd7) 20. cxb7 $2 (20. cxd7 $18 Rd8 21. Rxf4) 20... Qxe2 (20... Nxb7 $11 21. Bh3 Nd6) 21. b8=Q $1 $14 Qxd3 22. Qxc7 Qxd5 23. Rxf4 Qe6 24. Rd4 (24. Qxa7 $16 {Threatens to win with Bh3.} Nc4 25. Qa4) 24... Re7 $11 25. Qf4 Qg6 (25... Rf6 $11) 26. Bh3 $14 Qh5 (26... Ref7 $14) 27. Bxf5+ $18 Kg7 $2 {[%emt 0:00:12] [#]} (27... Rxf5 28. Qxf5+ Qxf5 29. Rxf5 Nc6) 28. Rd5 $2 (28. Qd6 $1 $18 {[%cal Rd6e7] is the precise move to win.} Ref7 29. Qe5+ (29. g4 Qg5 $16) 29... Rf6 30. Rxd7+ R8f7 31. g4) 28... Qg5 (28... Nc6 $16) 29. Qd4+ (29. Rxd7 Rxd7 30. Qxg5+ hxg5 $16) 29... Qf6 {[%emt 0:00:05] [#]} 30. Rxd7 {[%emt 0:01:10] Chess con chili.} (30. Qd3 $1 $18 {and the rest is easy.} Rff7 31. Rf4 (31. Rxd7 Rxd7 32. Bxd7 Qxf1+ 33. Qxf1 Rxf1+ 34. Kxf1 Nc4 $16) (31. Rd6 Qe5 $16)) 30... Rxd7 31. Qxd7+ ({Don't play} 31. Bxd7 Qxd4+ 32. cxd4 Rxf1+ 33. Kxf1 Nb3 $14) 31... Rf7 32. Qd3 $36 {[%emt 0:00:19][%mdl 2048] White is really pushing. White is more active.} Qe5 33. Rf4 Nb3 $2 (33... Nb7 $16) 34. Rg4+ {[%emt 0:00:50] White mates.} Kf8 35. Qd8+ Qe8 {[%emt 0:00:05] [#]} 36. Rg8+ $3 Kxg8 37. Qxe8+ {[%emt 0:00:05] Weighted Error Value: White=0.47/Black=0.82} 1-0

[Event "44th Chess Olympiad Open 2022"]
[Site "Chennai"]
[Date "2022.08.05"]
[Round "7.48"]
[White "Cu Hor, Winston Darwin"]
[Black "Alahakoon, Isuru"]
[Result "1-0"]
[ECO "A09"]
[WhiteElo "2328"]
[BlackElo "2000"]
[Annotator "ChessBase"]
[PlyCount "59"]
[EventDate "2022.07.29"]
[EventType "team-tourn"]
[EventCountry "IND"]
[SourceTitle "playchess.com"]
[Source "ChessBase"]
[SourceQuality "1"]
[WhiteTeam "Guatemala"]
[BlackTeam "Sri Lanka"]
[WhiteTeamCountry "GUA"]
[BlackTeamCountry "SRI"]
[TimeControl "40/5400+30:1800+30"]

1. Nf3 d5 2. c4 d4 3. g3 Nc6 4. Bg2 e5 5. O-O Nf6 6. d3 Be7 7. Na3 O-O 8. Nc2 a5 9. b3 Re8 10. a3 h6 11. Bb2 Nd7 12. e3 Nc5 13. exd4 Nxb3 14. dxe5 Nxa1 15. Bxa1 Be6 16. Qe2 Qd7 17. Rb1 Rab8 18. d4 Bh3 19. d5 Bxg2 20. Kxg2 Na7 21. Qe4 Bc5 22. Ncd4 Nc8 23. e6 fxe6 24. Nxe6 Bxa3 25. Qg4 Rxe6 26. dxe6 Qe7 27. Ne5 Bb4 28. Nd7 Ra8 29. Bf6 h5 30. Qg6 1-0

[Event "44th Chess Olympiad Open 2022"]
[Site "Chennai"]
[Date "2022.08.05"]
[Round "7.48"]
[White "Liyanage, Ranindu Dilshan"]
[Black "Juarez Flores, Carlos A."]
[Result "1/2-1/2"]
[ECO "C01"]
[WhiteElo "2286"]
[BlackElo "2335"]
[Annotator "TA"]
[PlyCount "97"]
[EventDate "2022.07.29"]
[EventType "team-tourn"]
[EventCountry "IND"]
[SourceTitle "playchess.com"]
[Source "ChessBase"]
[SourceQuality "1"]
[WhiteTeam "Sri Lanka"]
[BlackTeam "Guatemala"]
[WhiteTeamCountry "SRI"]
[BlackTeamCountry "GUA"]
[TimeControl "40/5400+30:1800+30"]

1. e4 e6 2. d4 d5 3. Nc3 Bb4 4. exd5 exd5 5. Bd3 Nf6 6. Nge2 Bg4 (6... O-O $11 {might be stronger.}) 7. f3 $14 {[%emt 0:00:35] C01: French: Exchange Variation.} Bh5 {[%emt 0:00:30] [#]} 8. g4 $146 ({Predecessor:} 8. Nf4 Bg6 9. Qe2+ Qe7 10. Qxe7+ Kxe7 11. Nxg6+ hxg6 12. Bg5 Nc6 13. Kf2 Bxc3 14. bxc3 Kd7 {1-0 (49) Krzyzanowski,M (2477)-Wang,Y (2433) Aracaju 2018}) 8... Bg6 9. h4 {[%emt 0:00:12][%cal Bh2h4,Bh4h5][%mdl 32] White is slightly better.} c6 10. h5 Bxd3 11. Qxd3 Nbd7 12. g5 Ng8 13. Bf4 Be7 (13... h6 $14) 14. O-O-O $16 Bxg5 15. Qe3+ Be7 16. Rdg1 (16. Ng3 $16) 16... Nf8 (16... Nh6 $1 $14) 17. Rxg7 Ne6 18. h6 Bf6 19. Be5 $1 {[%emt 0:07:54] 0x0.0005ebee8316dp-1022s more active pieces.} Bxe5 20. Qxe5 {[%emt 0:00:09] Black must now prevent Rg4.} ({But not} 20. dxe5 d4 21. Qg1 dxc3 $14) 20... Ne7 {[%emt 0:15:29] [#]} (20... Qb8 $16) 21. Qf6 $2 (21. Nf4 $1 $18 Qb8 22. Nxe6 Qxe5 23. dxe5 fxe6 24. Ne2) 21... Rf8 {[%emt 0:07:56] [#]} (21... Qd6 $142) 22. Rxh7 ({White should play} 22. Nf4 $1 $16 Ng6 23. Qxd8+ Rxd8 24. Nxe6 fxe6 25. Na4 (25. Rxb7 Rf7 $14)) 22... Ng6 $11 23. Qxd8+ Rxd8 24. Rg1 (24. f4 $5 Ngxf4 25. Nxf4 Nxf4 26. Re1+ Ne6 27. Ne2 $14) 24... Nh4 25. f4 Ke7 26. Ng3 {[%emt 0:08:45] Prevents Nf5.} Nxd4 27. Re1+ Kd6 28. Rh1 Nhf5 29. Nxf5+ Nxf5 30. Re1 $132 {[%emt 0:00:09][%mdl 2048] White has counterplay} Rd7 31. Re5 Nd4 32. Kd1 (32. Ne2 $11 {remains equal.} Nf3 33. Re3) 32... f6 (32... Re7 $17 33. Rh5 Rfe8) 33. Rxd7+ Kxd7 {[%emt 0:00:02][%mdl 4096] Endgame KRN-KRN} 34. Rh5 Ke6 35. Ne2 Nf5 36. c3 Rh8 37. h7 Ng7 38. Rh6 Kf5 39. Nd4+ Ke4 $1 40. Rxf6 Rxh7 41. Rf7 {[%emt 0:10:40] Hoping for Re7+.} c5 {[%emt 0:01:04] [#]} (41... Rh1+ $11 {and Black is okay.} 42. Kc2 Rh2+ 43. Kb3 c5) 42. Re7+ ({White should try} 42. Nb3 $1 $18) 42... Kxf4 $14 43. Ne6+ Ke5 {[%emt 0:01:25] [#] aiming for ...Rh1+.} 44. Nxg7+ (44. Nc7+ $1 $16 Kf5 45. Nxd5) 44... Kf6 $11 {[%emt 0:00:26] The position is equal.} 45. Rd7 {[%emt 0:00:19] And now Ne8+ would win.} Rxg7 46. Rxd5 Rg2 47. Rd2 Rxd2+ 48. Kxd2 {[%emt 0:00:08] Strongly threatening Kd3.} Ke5 49. Ke3 {[%emt 0:00:33] Weighted Error Value: White=0.21 (precise) /Black=0.18 (very precise)} 1/2-1/2

[Event "44th Chess Olympiad Open 2022"]
[Site "Chennai"]
[Date "2022.08.05"]
[Round "7.48"]
[White "Lorenzana, Wilson Estuardo"]
[Black "De Silva, L M S T"]
[Result "0-1"]
[ECO "C24"]
[WhiteElo "2182"]
[BlackElo "2212"]
[Annotator "ChessBase"]
[PlyCount "146"]
[EventDate "2022.07.29"]
[EventType "team-tourn"]
[EventCountry "IND"]
[SourceTitle "playchess.com"]
[Source "ChessBase"]
[SourceQuality "1"]
[WhiteTeam "Guatemala"]
[BlackTeam "Sri Lanka"]
[WhiteTeamCountry "GUA"]
[BlackTeamCountry "SRI"]
[TimeControl "40/5400+30:1800+30"]

1. e4 e5 2. Bc4 Nf6 3. d3 c6 4. Nf3 d5 5. Bb3 Bd6 6. Nc3 Bc7 7. O-O O-O 8. Bg5 d4 9. Ne2 h6 10. Bc1 Nbd7 11. a4 Nc5 12. Ba2 a5 13. Ng3 Nxa4 14. Nh4 Nc5 15. Ngf5 Ne6 16. Qf3 Nf4 17. g3 Nh3+ 18. Kh1 Be6 19. Qg2 Bxa2 20. Rxa2 Ng5 21. f4 Ngh7 22. fxe5 Ng4 23. Nf3 c5 24. h3 Nxe5 25. Bd2 Ra6 26. Nxe5 Bxe5 27. h4 h5 28. Qf3 Kh8 29. Raa1 a4 30. Qg2 g6 31. Nh6 Kg7 32. Rf3 Rf6 33. Raf1 Rxf3 34. Rxf3 Nf6 35. Bg5 Qd7 36. Qf1 Ng4 37. Nxg4 hxg4 38. Bf6+ Bxf6 39. Rxf6 Qe7 40. Rf4 Qe6 41. Kg2 Rh8 42. Qe1 b6 43. Qd2 Rh5 44. c3 Qd7 45. c4 Re5 46. Rf2 Qe7 47. Rf4 Qe6 48. Rf2 Qe7 49. Qd1 f5 50. h5 gxh5 51. Rxf5 Rxf5 52. exf5 Qe3 53. Qxa4 Qf3+ 54. Kh2 Qf2+ 55. Kh1 Qf1+ 56. Kh2 Qh3+ 57. Kg1 Qxg3+ 58. Kh1 Qf3+ 59. Kg1 Qxf5 60. Qa7+ Qf7 61. Qb8 Qe6 62. Qd8 Kg6 63. Kg2 Qf6 64. Qg8+ Kh6 65. Qc8 Kg5 66. Qc7 h4 67. Qc8 h3+ 68. Kg1 Qe7 69. Kf1 Qe5 70. Qg8+ Kh4 71. Qg6 Qf4+ 72. Ke2 Kg3 73. Qh7 h2 0-1

[Event "44th Chess Olympiad Open 2022"]
[Site "Chennai"]
[Date "2022.08.05"]
[Round "7.48"]
[White "Nabil Nazar, Mohamed"]
[Black "Galvez Dastin, Eduardo"]
[Result "0-1"]
[ECO "D00"]
[WhiteElo "1845"]
[BlackElo "2152"]
[Annotator "TA"]
[PlyCount "158"]
[EventDate "2022.07.29"]
[EventType "team-tourn"]
[EventCountry "IND"]
[SourceTitle "playchess.com"]
[Source "ChessBase"]
[SourceQuality "1"]
[WhiteTeam "Sri Lanka"]
[BlackTeam "Guatemala"]
[WhiteTeamCountry "SRI"]
[BlackTeamCountry "GUA"]
[TimeControl "40/5400+30:1800+30"]

1. d4 d5 2. Bf4 c5 3. e3 Nc6 4. Nf3 Bg4 5. Nbd2 e6 6. c3 {[%emt 0:00:10] D00: 1 d4 d5: Unusual lines.} Qb6 7. Qb3 c4 8. Qc2 {[%emt 0:01:18] The position is equal.} Nf6 9. Be2 Bf5 10. Qc1 h6 11. h3 Qd8 12. Bd1 b5 13. Bc2 Bxc2 14. Qxc2 Be7 15. O-O O-O {[%emt 0:00:15] [#]} 16. e4 $146 ({Predecessor:} 16. a3 Bd6 17. Bxd6 Qxd6 18. e4 Qc7 19. Rfe1 a5 20. exd5 exd5 21. Qf5 Rfe8 22. Nf1 {0-1 (64) Kuznecov,M (2378)-Ljukin,S (2368) Chess.com INT 2020}) 16... b4 17. Ne5 Rc8 18. Rfe1 Re8 19. exd5 (19. Nxc6 {with more complications.} Rxc6 20. Be5 Nd7 21. exd5 exd5 22. Qa4) 19... Nxd5 20. Bg3 bxc3 21. bxc3 Nxe5 22. dxe5 Qa5 23. Ne4 Red8 24. f3 (24. Rac1 $11) 24... Rd7 25. Rab1 Nb6 26. Bf2 Nd5 27. g3 {[%emt 0:02:06] Against Nf4} Ba3 28. Bd4 (28. f4 $11) 28... Ne7 29. g4 (29. f4 $11) 29... Nc6 $17 30. Red1 Nxe5 31. Bxe5 Rxd1+ 32. Qxd1 Qxe5 33. Qd7 (33. Kg2 $17 {was necessary.}) 33... Rb8 (33... Rc7 $1 $19 {[%cal Rc7d7] is more deadly.} 34. Qe8+ Kh7) 34. Rxb8+ Qxb8 {[%emt 0:00:06][%mdl 4096] Endgame KQB-KQN} 35. Kg2 Qb2+ (35... Bc1 $15 36. Nd6 Kh7 37. Nxc4 Bg5) 36. Kg3 $11 Qb8+ (36... Qb6 $11 37. Kg2 Qb2+ 38. Kg3 Qb6) 37. Kg2 $1 $17 Bf8 (37... Bc1 $17 38. Nd6 Kh7 39. Nxc4 Bg5) 38. g5 hxg5 39. Nxg5 Qf4 40. h4 a5 ({Black should try} 40... a6 $15) 41. a4 $1 $11 g6 42. Qd8 Qd6 $1 (42... Qxh4 $2 43. Qf6 Qh6 44. Qxf7+ Kh8 45. Qf6+ Qg7 46. Qxe6 $18) 43. Qe8 Qe7 (43... Qc7 $17) 44. Qc8 Qc5 45. Qd7 Qf5 46. Ne4 Qf4 47. Qd8 Qe5 48. Nf6+ Kg7 49. Ne4 Ba3 50. Qd7 Bc1 51. Qd1 (51. Nd6 $1 $11 {remains equal.} Qf4 52. Qe7) 51... Bf4 $17 {[%emt 0:00:27] Black is more active.} 52. Qd8 $2 (52. Qd7 $17) 52... Bc1 $2 (52... f5 $1 $19 53. Qe7+ Kh6 54. Qf8+ Qg7 55. Qxg7+ Kxg7) 53. Qd1 Bh6 ({Black should play} 53... Be3 $17 {Threatens to win with ...Qd5.} 54. Qd7 Bf4) 54. Qd8 (54. Qd7 $1 $11) 54... Bf4 $1 55. Qe7 {[%emt 0:00:53] [#]} (55. Kf1 $17) 55... Qf5 $2 (55... Bd2 $1 $19 56. Qa3 (56. Nd6 Qe2+) 56... Be1) 56. Qd8 $11 Qe5 {[%emt 0:01:13] White must now prevent ...f5.} 57. Qd7 (57. Qe7 $1 $11) 57... Qd5 58. Qe7 {[%emt 0:00:31] aiming for Qf6+.} Qf5 {[%emt 0:00:41] Inhibits Qf6+.} (58... Bb8 $17 59. Qf6+ Kg8) 59. Qd8 Qe5 {[%emt 0:00:43] Strongly threatening ...f5.} 60. Qd7 (60. Qe7 $11 {keeps the balance.}) 60... Qc7 $17 61. Qd4+ Be5 62. Qe3 Qc6 63. h5 (63. Qg5 $142 f6 64. Qe3) 63... Qd5 ({Better is} 63... Qxa4 $17 {...Qc2+ is the strong threat.} 64. h6+ Kh8) 64. Qg5 $11 Bxc3 $2 65. h6+ $18 Kh7 {[%emt 0:00:25] [#]} 66. Qe3 $2 (66. Qxd5 $1 $18 {White wants to mate with Qd8.} exd5 67. Nxc3) 66... Bd4 67. Qf4 f6 {[%emt 0:00:43] Against Ng5+} (67... c3 $1 $15) 68. Qc7+ $11 Kxh6 69. Qf7 $2 (69. Qh2+ $11 Kg7 70. Qc7+ Kg8 71. Qb8+ Kh7 72. Qc7+ Kh6 73. Qh2+ Qh5 74. Qd6) 69... f5 $19 70. Ng3 Be5 {[%emt 0:00:39] Hoping for ...Qd2+.} 71. Qf8+ Bg7 72. Qe7 Kh7 73. Qg5 c3 {[%emt 0:00:08][%cal Bc4c3,Bc3c2][%mdl 32] ( -> ...Qd2+)} 74. Kh3 Qd2 {[%emt 0:00:20] Black mates.} 75. f4 c2 76. Nh5 Qe3+ 77. Kh4 Qf2+ 78. Kh3 Qf3+ 79. Ng3 Qg4+ {[%emt 0:00:10] Both players deserved the win here.  Weighted Error Value: White=0.28 (precise) /Black=0.25 (precise)} 0-1

[Event "44th Chess Olympiad Open 2022"]
[Site "Chennai"]
[Date "2022.08.05"]
[Round "7.49"]
[White "Sanchez Alvarez, Roberto Carlos"]
[Black "Chinchilla, Alejandro Jose"]
[Result "1-0"]
[ECO "D36"]
[WhiteElo "2431"]
[BlackElo "2166"]
[Annotator "ChessBase"]
[PlyCount "63"]
[EventDate "2022.07.29"]
[EventType "team-tourn"]
[EventCountry "IND"]
[SourceTitle "playchess.com"]
[Source "ChessBase"]
[SourceQuality "1"]
[WhiteTeam "Panama"]
[BlackTeam "Honduras"]
[WhiteTeamCountry "PAN"]
[BlackTeamCountry "HON"]
[TimeControl "40/5400+30:1800+30"]

1. d4 d5 2. c4 e6 3. Nc3 Nf6 4. cxd5 exd5 5. Bg5 Be7 6. e3 h6 7. Bh4 c6 8. Bd3 Nbd7 9. Qc2 Nh5 10. Bxe7 Qxe7 11. O-O-O Nb6 12. Kb1 Nf6 13. Nf3 Bg4 14. Rc1 Bxf3 15. gxf3 O-O-O 16. Qb3 Kb8 17. a4 Nc8 18. a5 Nd6 19. Na4 Ka8 20. Rc3 Rc8 21. Rhc1 Rc7 22. Qa3 Rd8 23. Nb6+ Kb8 24. Qb3 Qe6 25. Na4 Ka8 26. Qb4 g6 27. a6 b5 28. Rxc6 Rxc6 29. Rxc6 Nfe8 30. Nc5 Qh3 31. Bxb5 Rb8 32. Rxd6 1-0

[Event "44th Chess Olympiad Open 2022"]
[Site "Chennai"]
[Date "2022.08.05"]
[Round "7.49"]
[White "Ramos Espinoza, Efren Andres"]
[Black "Gavarrete, Joel"]
[Result "1/2-1/2"]
[ECO "A36"]
[WhiteElo "2158"]
[BlackElo "2035"]
[Annotator "NA RC"]
[PlyCount "114"]
[EventDate "2022.07.29"]
[EventType "team-tourn"]
[EventCountry "IND"]
[SourceTitle "playchess.com"]
[Source "ChessBase"]
[SourceQuality "1"]
[WhiteTeam "Panama"]
[BlackTeam "Honduras"]
[WhiteTeamCountry "PAN"]
[BlackTeamCountry "HON"]
[TimeControl "40/5400+30:1800+30"]

1. c4 c5 2. Nc3 Nc6 3. g3 Nf6 4. Bg2 g6 5. e4 e5 6. Nge2 h5 7. h3 d6 8. d3 Be6 9. Nd5 Bxd5 10. cxd5 Nd4 11. Nxd4 cxd4 12. O-O Be7 13. Bd2 h4 14. g4 Nd7 15. Rc1 O-O 16. Bh6 Bg5 17. Bxf8 Kxf8 18. Rc4 a5 19. Qc2 Nb6 20. Rc7 Rc8 21. Rxc8 Qxc8 22. Qxc8+ Nxc8 23. Rb1 b5 24. Kf1 Ke7 25. Ke1 Nb6 26. Kd1 Kd7 27. b3 Kc7 28. Rb2 Kb7 29. Rc2 Nc8 30. Rc6 Be7 31. a3 Na7 32. Rc2 Bd8 33. Bf3 g5 34. Kd2 Bb6 35. b4 a4 36. Rc1 Bc7 37. Bh1 Bd8 38. Bg2 Nc8 39. Rc6 Bc7 40. f4 gxf4 41. g5 Na7 42. Rxc7+ Kxc7 43. Ke2 Nc8 44. Kf3 Ne7 45. Kg4 Kd7 46. Kxh4 f3 47. Bf1 Ng6+ 48. Kg4 Ke7 49. Kxf3 Kf8 50. Kg4 Kg7 51. h4 Nf4 52. h5 Kh7 53. Kh4 Kg7 54. h6+ Kh7 55. Kg4 Kg6 56. Kh4 f6 57. gxf6 Kxh6 1/2-1/2

[Event "44th Chess Olympiad Open 2022"]
[Site "Chennai"]
[Date "2022.08.05"]
[Round "7.49"]
[White "Garcia Cuestas, Kevin"]
[Black "Tapia Ostolaza, Alexei"]
[Result "0-1"]
[ECO "D11"]
[WhiteElo "1984"]
[BlackElo "2201"]
[Annotator "NA RC"]
[PlyCount "106"]
[EventDate "2022.07.29"]
[EventType "team-tourn"]
[EventCountry "IND"]
[SourceTitle "playchess.com"]
[Source "ChessBase"]
[SourceQuality "1"]
[WhiteTeam "Honduras"]
[BlackTeam "Panama"]
[WhiteTeamCountry "HON"]
[BlackTeamCountry "PAN"]
[TimeControl "40/5400+30:1800+30"]

1. Nf3 Nf6 2. g3 d5 3. d4 Bf5 4. c4 c6 5. cxd5 Nxd5 6. Nc3 Nb4 7. e4 Bg4 8. Bg2 Bxf3 9. Bxf3 Qxd4 10. O-O Qxd1 11. Rxd1 Nd7 12. a3 Na6 13. b4 e5 14. Be3 Be7 15. Be2 Nc7 16. Na4 Nf6 17. f3 O-O 18. Nb2 Rfe8 19. Nc4 Bf8 20. Na5 Reb8 21. Nc4 Nb5 22. Bf1 Nd4 23. Kf2 Nc2 24. Rab1 Nxe3 25. Kxe3 Re8 26. Na5 Rab8 27. Rbc1 g6 28. Kf2 Be7 29. Nc4 Bd8 30. Nd6 Re7 31. Bc4 Bc7 32. Nxf7 Rxf7 33. Ke2 Bb6 34. Rd6 Kg7 35. Bxf7 Kxf7 36. Rd2 Bd4 37. Rc4 Rd8 38. a4 Ke6 39. a5 a6 40. Rcc2 Ne8 41. f4 Nd6 42. Kf3 Rf8 43. Rd1 Nb5 44. Rcd2 Rf7 45. Rd3 h5 46. h4 Bc3 47. Rb1 exf4 48. gxf4 Be5 49. f5+ gxf5 50. exf5+ Rxf5+ 51. Kg2 Rf4 52. Kh3 Nd6 53. Re3 Nf5 0-1